 Dungeon Crawl Stone Soup version 0.31-a0-193-gdfe2569204 (webtiles) character file.

Game seed: 3435874987002047915

335 qw the Skirmisher (level 6, -7/36 HPs)
             Began as a Deep Elf Hunter on June 23, 2023.
             Succumbed to their own poison gas
             ... on level 3 of the Dungeon.
             The game lasted 00:00:56 (2965 turns).

qw the Skirmisher (Deep Elf Hunter)                 Turns: 2965, Time: 00:00:57

Health: -7/36      AC:  6    Str: 10    XL:     6   Next: 28%
Magic:  8/8        EV: 11    Int: 14    God:
Gold:   212        SH:  0    Dex: 18    Spells: 5/5 levels left

rFire   . . .        Y - +1 shortbow
rCold   . . .        (shield currently unavailable)
rNeg    . . .        i - +0 ring mail
rPois   .            h - +0 helmet
rElec   .            (no cloak)
rCorr   .            (no gloves)
SInv    .            (no boots)
Will    .....        (no amulet)
Stlth   +            (no ring)
HPRegen 0.26/turn    (no ring)
MPRegen 0.11/turn

%: no passive effects
@: lethally poisoned (-7 -> -34), on berserk cooldown, slowed, very slow
A: no striking features
a: no special abilities


You were on level 3 of the Dungeon.
You visited 1 branch of the dungeon, and saw 3 of its levels.

You collected 212 gold pieces.


   Skills:
 - Level 2.7 Fighting
 + Level 9.3 Ranged Weapons
 - Level 2.4 Dodging
 - Level 1.2 Stealth


You had 5 spell levels left.
You didn't know any spells.
Your spell library was empty.

Inventory:

Hand Weapons
 Y - a +1 shortbow (weapon)
Armour
 h - a +0 helmet (worn)
 i - a +0 ring mail (worn)
Potions
 b - 2 potions of heal wounds
 d - a potion of ambrosia {unknown}
 e - a potion of enlightenment
 j - a potion of berserk rage
 l - a potion of attraction {unknown}

Dungeon Overview and Level Annotations

Branches:
Dungeon (3/15)

Altars:

Annotations:
D:3 2 runed translucent doors, qw's ghost, amateur DEHu


Message History

It is a scroll of enchant armour.
Really abort (and waste the scroll)?
Could not explore, unopened runed door.
2957 ||| READING scroll labelled QIUCATEILA.
The air fills with toxic fumes!
As you read the scroll labelled QIUCATEILA, it crumbles to dust.
It was a scroll of poison.
Could not explore, unopened runed door.
2958 ||| DRINKING 3 fuming puce potions.
It was a potion of heal wounds.
You feel much better.
Could not explore, unopened runed door.
2959 ||| DRINKING 2 fuming golden potions.
It was a potion of berserk rage.
A red film seems to cover your vision as you go berserk!
You feel yourself moving faster!
You feel mighty!
Really walk into that cloud of poison gas?
You feel a strong urge to attack something.
You are engulfed in poison gas.
You are poisoned.
You feel sick.
You are engulfed in poison gas.
You are more poisoned.
You feel very sick.
You feel your anger nearly subside.
You are engulfed in poison gas.
You are more poisoned.
You feel very sick.
Qw's ghost whispers, "It is all a dream - a grotesque and foolish dream."
You are engulfed in poison gas.
You are lethally poisoned!
You are no longer berserk.
You are exhausted.
You feel yourself slow down.
You feel extremely sick.
2964 ||| DRINKING potion of curing.
You feel better.
2964 ||| (to cure poison)
You are engulfed in poison gas.
You are poisoned.
You feel very sick.
You're standing in a cloud of poison gas!
You are engulfed in poison gas.
You are more poisoned.
You die...

.###..........# #~~..¤#.#
##.....##..(..###¤¤#.8..#
##.....######.##.~...~.#
##.....+....#.#####++###
.......###.##.#0¤0¤¤.00#####
...........##.#0¤¤0¤¤00¤...#
...........##.#¤¤¤¤¤¤#####.#
..........###.#¤¤¤¤00#...#.#
#.........'...#0@¤0¤¤##>...#
..........######000¤00...###
...#+#..#...# #¤00¤0¤...#
...#.#..#.#.# #¤¤0¤¤0...#
........#.#.# #####)....#
.###.##...#.##### #.....#
..........#.#.:.# #.....#
###.#####.#.#.#.# #.....#
........#.#.#.#.# #.....#


There were no monsters in sight!

Vanquished Creatures
  A black bear (D:2)
  An ice beast (D:3)
  Ijyb (D:3)
  Terence (D:3)
  2 adders
  2 worms (D:2)
  2 dart slugs (D:3)
  An orc (D:3)
  9 bats
  5 endoplasms
  3 giant cockroaches
  7 goblins
  4 hobgoblins
  2 jackals (D:1)
  5 quokkas
  6 ball pythons
  2 frilled lizards (D:1)
  4 kobolds
  7 rats
65 creatures vanquished.

Notes
Turn   | Place    | Note
-------+----------+-------------------------------------------
     0 | D:1      | qw the Deep Elf Hunter began the quest for the Orb.
     0 | D:1      | Reached XP level 1. HP: 12/12 MP: 3/3
     0 | D:1      | 0 ||| qw: Version: 0.3-a-9-g12657ce
     0 | D:1      | 0 ||| qw: Game counter: 4642
     0 | D:1      | 0 ||| qw: Always use a shield: true
     0 | D:1      | 0 ||| qw: God list: Okawaru
     0 | D:1      | 0 ||| qw: Allow faded altars: false
     0 | D:1      | 0 ||| qw: Do Orc after D:15 true
     0 | D:1      | 0 ||| qw: Do second Lair branch before Depths: true
     0 | D:1      | 0 ||| qw: Lair rune preference: random
     0 | D:1      | 0 ||| qw: Plans: Normal
     0 | D:1      | 0 ||| PLANNING D:1-11
   269 | D:1      | Reached XP level 2. HP: 16/16 MP: 4/4
   273 | D:1      | Reached skill level 6 in Ranged Weapons
   620 | D:1      | 620 ||| UPGRADING to +0 ring mail.
   630 | D:1      | 630 ||| DROPPING +0 leather armour.
   631 | D:1      | 631 ||| DROPPING ring of magical power.
   632 | D:1      | 632 ||| READING scroll labelled IZXIRGH POAMA.
   633 | D:1      | 633 ||| READING scroll labelled NAUCWE YNEMAFICUTI.
   636 | D:1      | 636 ||| READING scroll labelled OGREFI XIWIGAN.
   737 | D:1      | 737 ||| DRINKING 2 sedimented cyan potions.
   738 | D:1      | 738 ||| DROPPING scroll of butterflies.
   739 | D:1      | 739 ||| DROPPING potion of magic.
   768 | D:2      | Reached XP level 3. HP: 9/20 MP: 5/5
   770 | D:2      | HP: 5/20 [poisoned by an adder]
   774 | D:2      | HP: 2/20 [poisoned by an adder]
   904 | D:2      | 904 ||| READING scroll labelled KAONO BEILUYF.
   986 | D:2      | Noticed a black bear
   995 | D:2      | Killed a black bear
   996 | D:2      | Reached skill level 8 in Ranged Weapons
   996 | D:2      | Reached XP level 4. HP: 11/25 MP: 6/6
  1090 | D:2      | Reached XP level 5. HP: 29/29 MP: 7/7
  1478 | D:2      | 1478 ||| READING 3 scrolls labelled CAROME UXON.
  1479 | D:2      | 1479 ||| READING scroll labelled VIAGIQ KEEXOW.
  1480 | D:2      | 1480 ||| DRINKING 2 green potions.
  1481 | D:2      | 1481 ||| DROPPING 2 scrolls of amnesia.
  1928 | D:3      | Noticed Ijyb
  1930 | D:3      | Paralysed by Ijyb for 5 turns
  1936 | D:3      | Paralysed by Ijyb for 2 turns
  1949 | D:3      | Killed Ijyb
  1950 | D:3      | Reached skill level 9 in Ranged Weapons
  2278 | D:3      | Noticed an ice beast
  2285 | D:3      | HP: 6/29 [ice beast (12)]
  2286 | D:3      | 2286 ||| READING scroll of teleportation.
  2400 | D:3      | Killed an ice beast
  2401 | D:3      | Reached XP level 6. HP: 36/36 MP: 8/8
  2433 | D:3      | Noticed Terence
  2445 | D:3      | Killed Terence
  2506 | D:3      | Found a large runed translucent door.
  2506 | D:3      | Found a large runed translucent door.
  2516 | D:3      | Noticed qw's ghost (amateur DEHu)
  2950 | D:3      | 2950 ||| UPGRADING to +0 helmet.
  2955 | D:3      | 2955 ||| READING scroll labelled NADEIN VICUS.
  2956 | D:3      | 2956 ||| READING scroll labelled EMNAQI ZOTZ.
  2957 | D:3      | 2957 ||| READING scroll labelled QIUCATEILA.
  2958 | D:3      | 2958 ||| DRINKING 3 fuming puce potions.
  2959 | D:3      | 2959 ||| DRINKING 2 fuming golden potions.
  2964 | D:3      | 2964 ||| DRINKING potion of curing.
  2964 | D:3      | 2964 ||| (to cure poison)
  2964 | D:3      | HP: 7/36 [poisoned by you (poison gas)]
  2965 | D:3      | HP: 2/36 [cloud of poison gas (5)]
  2965 | D:3      | Succumbed to their own poison gas

Levels and vault maps discovered:
D:1:      eino_arrival_cavern_a, layout_basic, kennysheep_pointless_box
D:2:      layout_basic, feat_on_display
D:3:      layout_basic, ebering_ghost_disaster_area, minmay_fractal_squares_5,
          uniq_ijyb, uniq_terence

Skill      XL: |  1  2  3  4  5 |
---------------+----------------+-----
Ranged Weapons | 6 8 9 |  9.3
Fighting       | 2 |  2.7
Dodging        | |  2.4
Stealth        | |  1.2

Action                     |  1- 3 |  4- 6 || total
---------------------------+-------+-------++-------
   Fire: Shortbow          |    55 |   144 ||   199
    Use: Scroll            |     4 |     6 ||    10
         Potion            |     1 |     4 ||     5
 Armour: Ring mail         |     9 |    23 ||    32
  Dodge: Dodged            |    14 |    25 ||    39

Table legend:
 A = Non-vault XP
 B = Vault XP
 C = Vault XP percentage of total XP
 D = Non-vault monster count
 E = Vault monster count
 F = Vault count percentage of total count
                 A         B        C        D         E       F
            +---------+---------+-------+---------+---------+-------
      Total |     398 |      81 |  16.9 |      57 |       8 |  12.3
            +---------+---------+-------+---------+---------+-------
        D:1 |      29 |       0 |   0.0 |      18 |       0 |   0.0
        D:2 |     192 |       0 |   0.0 |      21 |       0 |   0.0
        D:3 |     177 |      81 |  31.4 |      18 |       8 |  30.8
            +---------+---------+-------+---------+---------+-------
